 Dungeon Sprint DCSS version 0.26-a0-1164-g1a551d6a14 (webtiles) character file.

Game seed: 1006457290939281531

655 reriks the Unseen (level 7, -3/40 HPs)
             Began as a Vampire Abyssal Knight on Dec 23, 2020.
             Was a Priest of Lugonu.
             Shot with an arrow by a centaur warrior (5 damage)
             ... in the Dungeon (Sprint I: "Red Sonja").
             The game lasted 00:01:48 (394 turns).

reriks the Unseen (Vampire Abyssal Knight)           Turns: 394, Time: 00:01:49

Health: -3/40      AC:  3    Str: 11    XL:     7   Next: 29%
Magic:  7/8        EV: 12    Int: 14    God:    Lugonu [***...]
Gold:   307        SH:  0    Dex: 16    Spells: 6/6 levels left

rFire    . . .     SeeInvis +   a - +1 short sword
rCold    + + .     Faith    .   (no shield)
rNeg     + + +     Spirit   .   b - +0 leather armour
rPois    ∞         Reflect  .   (no helmet)
rElec    .         Harm     .   (no cloak)
rCorr    .         Rampage  .   (no gloves)
Will     .....     NoTele   +   (no boots)
Stlth    +++++++++.             (no amulet)
HPRegen  0.00/turn              (no ring)
MPRegen  0.11/turn              (no ring)

@: bloodless, hasted, very quick
A: fangs 3, see invisible, unbreathing
a: Bat Form, Revivify, Renounce Religion, Bend Space, Banish


You were in the Dungeon.
You worshipped Lugonu.
Lugonu was most pleased with you.
You visited 1 branch You collected 307 gold pieces.

Inventory:

Hand Weapons
 a - a +1 short sword (weapon)
Missiles
 k - 17 poisoned darts
Armour
 b - a +0 leather armour (worn)
Wands
 i - a wand of random effects (29)
Scrolls
 h - a scroll of blinking
Potions
 c - a potion of curing
 f - 2 potions of magic
 g - a potion of berserk rage
 j - a potion of brilliance {unknown}


   Skills:
 * Level 2.6 Fighting
 + Level 10.3 Short Blades
 + Level 0.7 Armour
 + Level 2.1 Dodging
 - Level 18.2 Stealth
 - Level 1.5 Invocations
 + Level 0.0 Evocations


You had 6 spell levels left.
You didn't know any spells.
Your spell library was empty.

Dungeon Overview and Level Annotations

Branches:
Dungeon (1/1)

Altars:
Cheibriados
Dithmenos
Elyvilon
Fedhas
Gozag
Hepliaklqana
Kikubaaqudgha
Makhleb
Nemelex Xobeh
Okawaru
Qazlal
Ru
Sif Muna
Trog
Uskayaw
Vehumet
Wu Jian
Xom
Yredelemnul
Zin
The Shining One
Jiyva
Lugonu

Shops:
D (


Innate Abilities, Weirdness & Mutations

You do not regenerate when monsters are visible.
You are frail without blood (-20% HP).
You can heal yourself when you bite living creatures.
You are immune to poison.
You have razor-sharp teeth.
You have supernaturally acute eyesight. (SInv)
You can survive without breathing.


Message History

The centaur warrior is lightly wounded.
The centaur warrior unwields a +2 shortbow of flaming.
It stops flaming.
The centaur warrior hits you but does no damage.
The centaur warrior unwields a +0 longbow.
The centaur warrior hits you.
You feel yourself speed up. The centaur warrior hits you.
The centaur warrior closely misses you.
You hit the centaur warrior but do no damage.
You bite the centaur warrior, but do no damage.
The centaur warrior is lightly wounded.
The centaur warrior hits you! The centaur warrior barely misses you.
You are too injured to fight recklessly!
You are too injured to fight recklessly!
Space bends around you!
You blink.
The centaur warrior wields a +2 shortbow of flaming.
It bursts into flame!
The centaur warrior shoots an arrow.
The arrow hits you!
* * * LOW HITPOINT WARNING * * *
The arrow burns you.
You die...

###############
..'..#.)'..#__#
[.#.)'..#..'..+
####'#####'#__####
###..#...#)####§@#
__####..##§#§§§§§#
_____##'#_§§≈≈§c§+
_.∩..†'..._#§≈≈c§#
_..__##_.#'##+####
_____###+#.#
###### ###


You could see a centaur warrior.

Vanquished Creatures
  A slime creature (D)
  Sigmund (D)
  A yak (D)
  An ogre (D)
  A jelly (D)
  Ijyb (D)
6 creatures vanquished.

Notes
Turn   | Place    | Note
-------+----------+-------------------------------------------
     0 | D        | reriks the Vampire Abyssal Knight began the quest for the
                  | Orb.
     0 | D        | Reached XP level 1. HP: 17/17 MP: 2/2
     2 | D        | Noticed Ijyb
    14 | D        | Killed Ijyb
    15 | D        | Reached skill level 7 in Stealth
    15 | D        | Reached XP level 2. HP: 17/23 MP: 3/3
   140 | D        | Noticed an ogre
   143 | D        | Killed an ogre
   143 | D        | Reached ** piety under Lugonu
   144 | D        | Reached skill level 11 in Stealth
   144 | D        | Reached XP level 3. HP: 28/28 MP: 4/4
   144 | D        | Reached XP level 4. HP: 34/34 MP: 5/5
   162 | D        | Noticed Sigmund
   164 | D        | Killed Sigmund
   165 | D        | Reached skill level 14 in Stealth
   165 | D        | Reached XP level 5. HP: 31/31 MP: 6/6
   165 | D        | Reached XP level 6. HP: 36/36 MP: 7/7
   177 | D        | Found a burning altar of Makhleb.
   177 | D        | Found a viscous altar of Jiyva.
   177 | D        | Found a shimmering altar of Xom.
   177 | D        | Found a corrupted altar of Lugonu.
   177 | D        | Noticed a slime creature
   180 | D        | Killed a slime creature
   181 | D        | Reached skill level 17 in Stealth
   182 | D        | Found an ornate altar of the Wu Jian Council.
   182 | D        | Found a shimmering blue altar of Sif Muna.
   184 | D        | Found a radiant altar of Vehumet.
   366 | D        | Found Bawoock's Antique Weapon Emporium.
   366 | D        | Found an ancient bone altar of Kikubaaqudgha.
   366 | D        | Found a hazy altar of Hepliaklqana.
   366 | D        | Found a stormy altar of Qazlal.
   366 | D        | Found a hide-covered altar of Uskayaw.
   366 | D        | Found a blossoming altar of Fedhas.
   366 | D        | Found a bloodstained altar of Trog.
   366 | D        | Found an iron altar of Okawaru.
   366 | D        | Found a basalt altar of Yredelemnul.
   366 | D        | Found a glowing golden altar of the Shining One.
   366 | D        | Found a snail-covered altar of Cheibriados.
   366 | D        | Found a sacrificial altar of Ru.
   366 | D        | Found a glowing silver altar of Zin.
   366 | D        | Found a shadowy altar of Dithmenos.
   366 | D        | Found a white marble altar of Elyvilon.
   366 | D        | Noticed a yak
   367 | D        | Found an opulent altar of Gozag.
   368 | D        | Killed a yak
   368 | D        | Reached *** piety under Lugonu
   369 | D        | Reached skill level 10 in Short Blades
   369 | D        | Reached skill level 18 in Stealth
   369 | D        | Reached XP level 7. HP: 40/40 MP: 8/8
   369 | D        | Found a sparkling altar of Nemelex Xobeh.
   385 | D        | Noticed a centaur warrior
   385 | D        | Noticed a centaur warrior
   394 | D        | HP: 2/40 [centaur warrior/arrow (15)]
   394 | D        | Shot with an arrow by a centaur warrior

Illustrated notes

Levels and vault maps discovered:
D:        dungeon_sprint_1 [red_sonja_temple_1, red_sonja_temple_small_1]

Skill      XL: |  1  2  3  4  5  6 |
---------------+-------------------+-----
Short Blades   | 4 6 8 10 | 10.3
Stealth        | 7 11 14 18 | 18.2
Fighting       | |  2.6
Armour         | |  0.7
Dodging        | |  2.1
Invocations    | |  1.5

Action                   |  1- 3 |  4- 6 |  7- 9 || total
-------------------------+-------+-------+-------++-------
Melee: Short sword       |    13 |     8 |     2 ||    23
       Bite              |     1 |     1 |     2 ||     4
Invok: Bend Space        |       |       |     1 ||     1
 Abil: Exsanguinate      |       |     1 |       ||     1
  Use: Potion            |       |       |     2 ||     2
 Stab: Sleeping          |     1 |     3 |       ||     4
Armor: Leather armour    |       |     1 |     1 ||     2
Dodge: Dodged            |     7 |       |     3 ||    10

Table legend: (Time is in decaauts)
 A = Elapsed time spent in this place.
 B = Non-inter-level travel time spent in this place.
 C = Inter-level travel time spent in this place.
 D = Time resting spent in this place.
 E = Time spent auto-exploring this place.
 F = Levels seen in this place.
 G = Mean time per level.
                   A        B        C        D        E       F      G
               +--------+--------+--------+--------+--------+-----+--------+
         Total |    391 |    391 |      0 |    273 |      0 |   1 |  391.0 |
       Dungeon |    391 |    391 |      0 |    273 |      0 |   1 |  391.0 |
               +--------+--------+--------+--------+--------+-----+--------+

Top non-repeatable levels by time:
       D: 391 daAuts
